 Dungeon Crawl Stone Soup version 0.27-a0-1140-g099f9bb0e8 (webtiles) character file.

Game seed: 12770417514045402918

3998 jasper the Skirmisher (level 10, -9/86 HPs)
             Began as a Purple Draconian Wanderer on May 8, 2021.
             Was a Priest of Cheibriados.
             Mangled by a komodo dragon (15 damage)
             ... on level 8 of the Dungeon.
             The game lasted 00:16:21 (11342 turns).

jasper the Skirmisher (Purple Draconian Wanderer)  Turns: 11342, Time: 00:16:22

Health: -9/86      AC: 13    Str: 22    XL:     10   Next: 3%
Magic:  9/16       EV: 14    Int: 21    God:    Cheibriados [***...]
Gold:   422        SH:  0    Dex: 16    Spells: 11/17 levels left

rFire    . . .     SeeInvis .     - Unarmed
rCold    . . .     Faith    .   (no shield)
rNeg     . . .     Spirit   .   (armour unavailable)
rPois    .         Reflect  .   (helmet restricted)
rElec    .         Harm     .   q - +2 cloak
rCorr    .         Rampage  .   (no gloves)
Will     +....                  e - +2 pair of boots
Stlth    +.........             (no amulet)
HPRegen  0.24/turn              c - ring of flight
MPRegen  0.15/turn              (no ring)

@: short of breath, flying, very slow
A: breathe power, AC +7, unfitting armour, cold-blooded
a: Breathe Dispelling Energy, Renounce Religion, Bend Time, Temporal Distortion


You were on level 8 of the Dungeon.
You worshipped Cheibriados.
Cheibriados was most pleased with you.
You visited 2 branches of the dungeon, and saw 9 of its levels.

You collected 422 gold pieces.

Inventory:

Hand Weapons
 a - a +2 falchion
 t - a +2 short sword of venom
Missiles
 k - 7 atropa-tipped darts
 l - 2 throwing nets
 o - 6 boomerangs
 A - 16 poisoned darts
Armour
 e - a +2 pair of boots (worn)
 h - a +1 pair of boots
 q - a +2 cloak (worn)
Magical Staves
 j - a staff of death
 m - a staff of poison
Jewellery
 c - a ring of flight (left hand)
Wands
 n - a wand of mindburst (5)
 x - a wand of flame (16)
 y - a wand of iceblast (15)
Scrolls
 f - 2 scrolls of teleportation
 r - 2 scrolls of enchant armour
 u - 3 scrolls of identify
 v - a scroll of enchant weapon {unknown}
 z - a scroll of immolation {unknown}
Potions
 b - 4 potions of curing
 d - a potion of resistance
 g - a potion of haste {unknown}
 i - 5 potions of degeneration
 p - 2 potions of might {unknown}
 s - 3 potions of attraction {unknown}
 w - a potion of flight {unknown}
 B - a potion of lignification {unknown}
 C - a potion of ambrosia {unknown}


   Skills:
 + Level 7.2 Fighting
 - Level 1.0 Long Blades
 + Level 5.1 Dodging
 - Level 1.0 Shields
 + Level 5.5 Unarmed Combat
 - Level 4.0 Spellcasting
 - Level 5.0 Transmutations
 - Level 5.0 Poison Magic
 * Level 5.7 Invocations
 - Level 5.0 Evocations


You had 11 spell levels left.
You knew the following spells:

 Your Spells              Type           Power      Damage    Failure   Level
a - Sting                 Tmut/Pois      100%       1d8       1%          1
b - Ignite Poison         Fire/Tmut/Pois 18%        N/A       10%         3
c - Passwall              Tmut/Erth      11%        N/A       6%          2

Your spell library contained the following spells:

 Spells                   Type           Power      Damage    Failure   Level
 Sandblast                Erth           8%         2d5       12%         1
 Stone Arrow              Conj/Erth      8%         3d7       34%         3
 Petrify                  Tmut/Erth      14%        N/A       38%         4
 Lee's Rapid Deconstruct  Erth           2%         3d5*      97%         5


Dungeon Overview and Level Annotations

Branches:
Dungeon (8/15)             Temple (1/1) D:6
   Lair: D:8-11

Altars:
Ashenzari
Cheibriados
Elyvilon
Fedhas
Hepliaklqana
Kikubaaqudgha
Makhleb
Okawaru
Ru
Sif Muna
Trog
Uskayaw
Vehumet
Xom
Yredelemnul
Zin
The Shining One

Shops:
D:2 (   D:4 [


Innate Abilities, Weirdness & Mutations

You can breathe bolts of dispelling energy.
Your rich purple scales are hard. (AC +7)
You cannot fit into any form of body armour.
You are cold-blooded and may be slowed by cold attacks.


Message History

The komodo dragon looks as sick as possible!
The komodo dragon is moderately wounded.
The komodo dragon bites you!!
You take 18 damage, and have 27/86 hp.
MASSIVE DAMAGE!!
You now have 11/16 mp.
Aiming: Sting (safe; 1% risk of failure)
Press: ? - help, Q - select action, (/) - cycle Shift-Dir - straight line, f/p - komodo dragon
Aim: a komodo dragon (moderately wounded, extremely poisoned, 84% to hit)
The sting hits the komodo dragon.
The komodo dragon looks as sick as possible!
The komodo dragon is moderately wounded.
The komodo dragon bites you but does no damage.
You now have 10/16 mp.
You hit the komodo dragon but do no damage.
The komodo dragon is moderately wounded.
The komodo dragon bites you!
* * * LOW HITPOINT WARNING * * *
You take 8 damage, and have 19/86 hp.
You feel much better. The komodo dragon bites you!!
* * * LOW HITPOINT WARNING * * *
You take 5 damage, and have 14/86 hp.
You punch the komodo dragon!
The komodo dragon is severely wounded.
The komodo dragon bites you but does no damage.
Aiming: Sting (safe; 1% risk of failure)
Press: ? - help, Q - select action, (/) - cycle Shift-Dir - straight line, f/p - komodo dragon
Aim: a komodo dragon (severely wounded, very poisoned, 84% to hit)
The sting hits the komodo dragon!
The komodo dragon looks as sick as possible!
The komodo dragon is almost dead.
The komodo dragon bites you!
* * * LOW HITPOINT WARNING * * *
You take 9 damage, and have 6/86 hp.
You now have 10/16 mp.
Aiming: Sting (safe; 1% risk of failure)
Press: ? - help, Q - select action, (/) - cycle Shift-Dir - straight line, f/p - komodo dragon
Aim: a komodo dragon (almost dead, extremely poisoned, 84% to hit)
The sting hits the komodo dragon.
The komodo dragon looks as sick as possible!
The komodo dragon is almost dead.
The komodo dragon bites you!
You die...

#.....#
##..#.##....
#.....#
#.##.......
#.....#
#.####.####
####### ### #..#
#^## ### #.#
#.#### #.#
####...#######.#
#.l@###........#
#..#####.#########
...( ### .... ###


You could see a komodo dragon (extremely poisoned).

Vanquished Creatures
  Sigmund (D:7)
  A wyvern (D:8)
  A wraith (D:8)
  Eustachio (D:6)
  Edmund (D:7)
  3 water moccasins
  3 ice beasts
  3 sky beasts
  An ogre (D:6)
  A centaur (D:6)
  A necrophage (D:4)
  A phantom (D:5)
  3 bullfrogs
  2 gnoll sergeants
  2 scorpions
  2 water moccasin zombies (D:5)
  9 killer bees (D:7)
  2 bullfrog zombies
  A jelly (D:6)
  A centaur skeleton (D:6)
  A gnoll shaman (D:6)
  3 bullfrog skeletons
  7 orc priests
  3 hounds
  5 iguanas
  3 orc wizards
  4 killer bee zombies
  12 gnolls
  7 adders
  A river rat (D:6)
  A shadow imp (D:8)
  2 white imps
  An ufetubus (D:4)
  2 adder skeletons
  3 dart slugs
  26 orcs
  8 ball pythons
  10 endoplasms
  3 giant cockroaches
  5 goblins
  4 hobgoblins
  6 jackals
  5 kobolds
  3 quokkas
  5 bats
  5 frilled lizards
  13 rats
188 creatures vanquished.

Vanquished Creatures (others)
  15 plants
15 creatures vanquished.

Grand Total: 203 creatures vanquished

Notes
Turn   | Place    | Note
-------+----------+-------------------------------------------
     0 | D:1      | jasper the Draconian Wanderer began the quest for the Orb.
     0 | D:1      | jasper set off with the following items: a +2 falchion, a
                  | potion of curing; and the following spell memorised: Sting;
                  | and the following spells available to memorise: Ignite
                  | Poison
     0 | D:1      | Reached XP level 1. HP: 19/19 MP: 3/3
   103 | D:1      | Found a faded altar of an unknown god.
   399 | D:1      | Reached XP level 2. HP: 25/26 MP: 0/5
  1564 | D:2      | Noticed a sky beast
  1573 | D:2      | Reached XP level 3. HP: 31/31 MP: 1/6
  1898 | D:2      | Found Goguivapp's Weapon Shoppe.
  2199 | D:3      | Reached skill level 1 in Transmutations
  2199 | D:3      | Reached XP level 4. HP: 32/38 MP: 3/7
  2911 | D:4      | Learned a level 3 spell: Ignite Poison
  3318 | D:4      | Reached XP level 5. HP: 45/45 MP: 3/9
  3902 | D:4      | Noticed a necrophage
  3911 | D:4      | Killed a necrophage
  3912 | D:4      | Reached XP level 6. HP: 51/51 MP: 10/10
  4312 | D:4      | Found Fesad's Antique Armour Emporium.
  4332 | D:5      | Entered Level 5 of the Dungeon
  4356 | D:5      | Reached skill level 5 in Poison Magic
  4651 | D:5      | Found a hazy altar of Hepliaklqana.
  4691 | D:5      | Reached skill level 1 in Unarmed Combat
  4782 | D:5      | Reached skill level 4 in Fighting
  4782 | D:5      | Your scales start taking on a rich purple colour.
  4782 | D:5      | Reached XP level 7. HP: 49/59 MP: 12/12
  6235 | D:6      | Reached XP level 8. HP: 67/67 MP: 11/14
  6315 | D:6      | Found a glowing golden altar of the Shining One.
  6535 | D:6      | Reached skill level 5 in Fighting
  6928 | D:6      | Found a staircase to the Ecumenical Temple.
  6937 | Temple   | Entered the Ecumenical Temple
  7055 | Temple   | Became a worshipper of Cheibriados the Contemplative
  7428 | D:6      | Reached skill level 5 in Evocations
  7728 | D:6      | Noticed Eustachio
  7749 | D:6      | Killed Eustachio
  7750 | D:6      | Reached skill level 5 in Transmutations
  7755 | D:6      | Reached XP level 9. HP: 40/75 MP: 4/15
  7964 | D:6      | Reached * piety under Cheibriados
  8297 | D:7      | Reached skill level 6 in Fighting
  8297 | D:7      | Reached skill level 1 in Invocations
  8416 | D:7      | Noticed Sigmund
  8583 | D:7      | Killed Sigmund
  8593 | D:7      | Reached ** piety under Cheibriados
  9064 | D:7      | Noticed Edmund
  9081 | D:7      | Killed Edmund
  9082 | D:7      | Reached skill level 5 in Unarmed Combat
 10471 | D:8      | Reached skill level 7 in Fighting
 10471 | D:8      | Reached skill level 5 in Invocations
 10571 | D:8      | Reached skill level 5 in Dodging
 10881 | D:8      | Reached *** piety under Cheibriados
 10906 | D:8      | Learned a level 2 spell: Passwall
 11052 | D:8      | Reached XP level 10. HP: 58/86 MP: 14/16
 11342 | D:8      | Mangled by a komodo dragon

Illustrated notes

Levels and vault maps discovered:
D:1:      lightli_arrival_noodles, layout_loops_corners,
          chequers_ecumenical_altar_simple_redux, grunt_decor_resistance,
          chequers_serial_rivers_room_b, serial_bayou_pond_d,
          chequers_serial_rivers_room_b
D:2:      wander_river, layout_basic, serial_shops, nicolae_shop_trees
D:3:      layout_rooms, grunt_ministairs_12, serial_bayou_lake_a
D:4:      layout_loops_cross, serial_shops, kennysheep_mini_moat
D:5:      layout_loops_ring, old_standard_altar, kennysheep_big_empty_room,
          chequers_jeans
D:6:      layout_basic, minmay_temple_entry_grid, portal_sewer_entry_e,
          minmay_ruined_shrine, uniq_eustachio
D:7:      layout_basic, sigmund_edmund_badplayer
D:8:      layout_basic, erik_lair_dragon, mrwooster_statue_mirror
Temple:   regret_index_temple_sigil_plot

Skill      XL: |  1  2  3  4  5  6  7  8  9 |
---------------+----------------------------+-----
Poison Magic   | 2 3 4 5 |  5.0
Transmutations | 1 2 3 4 5 |  5.0
Spellcasting   | 3 4 |  4.0
Unarmed Combat | 1 2 4 5 |  5.5
Fighting       | 4 5 7 |  7.2
Dodging        | 2 3 5 |  5.1
Evocations     | 3 5 |  5.0
Invocations    | 5 |  5.7
Long Blades    | |  1.0
Shields        | |  1.0

Action                   |  1- 3 |  4- 6 |  7- 9 | 10-12 || total
-------------------------+-------+-------+-------+-------++-------
Melee: Falchion          |    24 |    27 |       |       ||    51
       Tailslap          |       |     5 |    53 |       ||    58
       Short sword       |       |    23 |    21 |       ||    44
       Unarmed           |       |       |   247 |     2 ||   249
       Punch             |       |       |     5 |       ||     5
 Cast: Sting             |    64 |    91 |   220 |     8 ||   383
 Abil: Breathe Dispellin |       |       |    36 |     1 ||    37
Evoke: Wand              |       |     4 |    17 |       ||    21
  Use: Scroll            |     2 |       |     5 |       ||     7
       Potion            |       |       |     3 |     1 ||     4
 Stab: Paralysed         |       |     5 |     7 |       ||    12
Armor: Skin              |    20 |    50 |   210 |     2 ||   282
Dodge: Dodged            |    30 |    52 |   266 |     1 ||   349
       Rpst.: Falchion   |     8 |    10 |       |       ||    18

Table legend: (Time is in decaauts)
 A = Elapsed time spent in this place.
 B = Non-inter-level travel time spent in this place.
 C = Inter-level travel time spent in this place.
 D = Time resting spent in this place.
 E = Time spent auto-exploring this place.
 F = Levels seen in this place.
 G = Mean time per level.
                   A        B        C        D        E       F      G
               +--------+--------+--------+--------+--------+-----+--------+
         Total |  12238 |  11817 |    421 |    503 |   9600 |   9 | 1359.8 |
       Dungeon |  12101 |  11715 |    386 |    503 |   9501 |   8 | 1512.6 |
        Temple |    136 |    102 |     34 |      0 |     99 |   1 |  136.0 |
               +--------+--------+--------+--------+--------+-----+--------+

Top non-repeatable levels by time:
     D:6: 2307 daAuts
     D:7: 1922 daAuts
     D:1: 1547 daAuts
     D:4: 1519 daAuts
     D:5: 1500 daAuts
     D:2: 1183 daAuts
     D:8: 1120 daAuts
     D:3: 1000 daAuts
  Temple: 136 daAuts
